 Dungeon Crawl Stone Soup version 0.30-a0-371-gad7725a93e (webtiles) character file.

Game seed: 17754185840277907604

15 flotson the Sneak (level 2, 0/24 HPs)
             Began as a Demonspawn Delver on Nov 22, 2022.
             Succumbed to Robin's poison
             ... on level 3 of the Dungeon.
             The game lasted 00:01:07 (157 turns).

flotson the Sneak (Demonspawn Delver)                Turns: 157, Time: 00:01:07

Health: 0/24       AC:  3    Str: 12    XL:     2   Next: 34%
Magic:  2/2        EV: 12    Int: 11    God:
Gold:   48         SH:  0    Dex: 14    Spells: 1/1 levels left

rFire   . . .      SeeInvis .    a - +0 spear
rCold   . . .      Faith    .    (no shield)
rNeg    . . .      Spirit   .    b - +0 leather armour
rPois   .          Reflect  .    (no helmet)
rElec   .          Harm     .    (no cloak)
rCorr   .          Rampage  .    (no gloves)
Will    .....                    (no boots)
Stlth   ++........               (no amulet)
HPRegen 0.24/turn                (no ring)
MPRegen 0.08/turn                (no ring)

@: lethally poisoned (0 -> -18), hasted, very quick
A: hooves 1
a: no special abilities


You were on level 3 of the Dungeon.
You visited 1 branch of the dungeon, and saw 3 of its levels.

You collected 48 gold pieces.

Inventory:

Hand Weapons
 a - a +0 spear (weapon)
Armour
 b - a +0 leather armour (worn)
Wands
 g - a wand of digging (3)
 k - a wand of paralysis (11)
Scrolls
 c - a scroll of fog
 e - a scroll of fear
 h - a scroll of teleportation {unknown}
 i - a scroll of enchant armour {unknown}
 j - a scroll of silence {unknown}


   Skills:
 + Level 3.2 Fighting
 - Level 1.7 Polearms
 + Level 0.6 Armour
 + Level 2.0 Dodging
 - Level 4.5 Stealth
 + Level 0.8 Evocations


You had one spell level left.
You didn't know any spells.
Your spell library was empty.

Dungeon Overview and Level Annotations

Branches:
Dungeon (5/15)
 Temple: D:4-7

Altars:

Annotations:
D:3 Robin


Innate Abilities, Weirdness & Mutations

You have large cloven feet.


Message History

You hit the kobold.
The kobold is severely wounded.
The goblin no longer looks unusually strong.
The goblin hits you with a +4 dagger. The kobold closely misses you.
You closely miss the kobold. You kick the kobold.
You kill the kobold!
The goblin barely misses you.
You hit Robin. You kick Robin.
Robin is moderately wounded.
The goblin hits you with a +4 dagger. Robin hits you but does no damage.
You hit Robin.
Robin is moderately wounded.
The goblin closely misses you.
You hit Robin. Your kick misses Robin.
Robin is heavily wounded.
The goblin hits you with a +4 dagger.
You are too injured to fight recklessly!
You are too injured to fight recklessly!
You are too injured to fight recklessly!
You are too injured to fight recklessly!
You are too injured to fight recklessly!
You are too injured to fight recklessly!
You are too injured to fight recklessly!
You are too injured to fight recklessly!
You hit the goblin.
You kill the goblin!
Robin hits you with a +2 dagger of venom.
You are poisoned.
You feel yourself speed up.
You feel sick. Robin throws the goblin at you!
You hit the goblin.
The goblin is heavily wounded.
* * * LOW HITPOINT WARNING * * *
You feel sick.
Robin hits you with a +2 dagger of venom.
* * * LOW HITPOINT WARNING * * *
You are more poisoned.
The goblin completely misses you.
You hit the goblin.
You kill the goblin!
You die...

,,,,#...,,*#.......###**
****##..g**#..........,*
#.....##.gg######,,*
****#........gK#~~~~+,,*
,<,,.........#.#~⌠,~*,,*
,,,*#.....####g#~_>~*,,*
,,,*#...(.*###.#~~~~*,,*
,,,*#####,*#..g######..#**
,,,******,*#.#gg@)......,*
,,,,,,,,,,*#.#########..,***
**,********#.# *,,,,,,,* *,*
#.# *,,,,,,,* *,* #.#
*,,,,,,,* *,* #.# ***,,,***
*,* #.# *,,,* *,* #># **,**
**,* ****#.# *,*


You could see Robin, a hobgoblin and a goblin.

Vanquished Creatures
  An endoplasm (D:4)
  8 goblins
  2 hobgoblins
  A kobold (D:3)
  A ball python (D:4)
13 creatures vanquished.

Notes
Turn   | Place    | Note
-------+----------+-------------------------------------------
     0 | D:5      | flotson the Demonspawn Delver began the quest for the Orb.
     0 | D:5      | Reached XP level 1. HP: 18/18 MP: 1/1
    89 | D:4      | Noticed an iguana
   120 | D:3      | Noticed Robin
   139 | D:3      | Gained mutation: You have large cloven feet. [demonic
                  | ancestry]
   139 | D:3      | Reached XP level 2. HP: 15/24 MP: 2/2
   157 | D:3      | Succumbed to Robin's poison

Illustrated notes

Levels and vault maps discovered:
D:3:      layout_loops_ring, general_overflow_altar,
          mainiacjoe_overflow_alcove_1, mainiacjoe_overflow_cross_hatched,
          gup_sewer_entry_bowl, uniq_robin
D:4:      cheibrodos_fertilizer, layout_cave_pools, lemuel_crystal_altar,
          uniq_sigmund
D:5:      layout_cave_pools, lemuel_crystal_altar

Skill      XL: |  1 |
---------------+----+-----
Dodging        | 2 |  2.0
Fighting       | |  3.2
Polearms       | |  1.7
Armour         | |  0.6
Stealth        | |  4.5
Evocations     | |  0.8

Action                   || total
-------------------------++-------
Melee: Spear             ||    38
       Punch             ||     1
       Kick              ||     3
  Use: Scroll            ||     1
       Potion            ||     1
 Stab: Sleeping          ||     2
Armor: Leather armour    ||    11
Dodge: Dodged            ||    14

Table legend: (Time is in decaauts)
 A = Elapsed time spent in this place.
 B = Non-inter-level travel time spent in this place.
 C = Inter-level travel time spent in this place.
 D = Time resting spent in this place.
 E = Time spent auto-exploring this place.
 F = Levels seen in this place.
 G = Mean time per level.
                   A        B        C        D        E       F      G
               +--------+--------+--------+--------+--------+-----+--------+
         Total |    156 |    141 |     15 |      0 |     50 |   3 |   52.0 |
       Dungeon |    156 |    141 |     15 |      0 |     50 |   3 |   52.0 |
               +--------+--------+--------+--------+--------+-----+--------+

Top non-repeatable levels by time:
     D:3: 57 daAuts
     D:5: 52 daAuts
     D:4: 46 daAuts
